 Seeded DCSS version 0.30-a0-743-gbfdf073431 (webtiles) character file.

Game seed: 5430720872467839093 (custom seed)

146 purpskrrrp the Sneak (level 5, -4/34 HPs)
             Began as an Octopode Brigand on Feb 7, 2023.
             Slain by a gnoll
             ... wielding a +0 spear
              (9 damage)
             ... on level 3 of the Dungeon.
             The game lasted 00:04:11 (1890 turns).

purpskrrrp the Sneak (Octopode Brigand)             Turns: 1890, Time: 00:04:11

Health: -4/34      AC:  1    Str: 11    XL:     5   Next: 28%
Magic:  5/5        EV: 12    Int: 13    God:
Gold:   1695       SH:  0    Dex: 15    Spells: 4/4 levels left

rFire   . . .      SeeInvis .    e - +0 quick blade (venom)
rCold   . . .      Faith    .    (no shield)
rNeg    . . .      Spirit   .    (helmet restricted)
rPois   .          Reflect  .    (no amulet)
rElec   .          Harm     .    (no ring)
rCorr   .          Rampage  .    (no ring)
Will    .....                    (no ring)
Stlth   ++++                     (no ring)
HPRegen 0.25/turn                (no ring)
MPRegen 0.09/turn                (no ring)
                                 (no ring)
                                 (no ring)

@: no status effects
A: almost no armour, amphibious, 8 rings, camouflage 1, gelatinous body 1,
(nimble swimmer 1), tentacles
a: no special abilities


You were on level 3 of the Dungeon.
You visited 1 branch of the dungeon, and saw 3 of its levels.

You collected 1695 gold pieces.

Inventory:

Hand Weapons
 a - a +2 dagger of chaos
 e - a +0 quick blade of venom (weapon)
 m - the +10 rapier "Goke" {freeze, rElec Will+}
   (You acquired it on level 2 of the Dungeon)

   rElec:     It insulates you from electricity.
   Will:      It increases your willpower.
Missiles
 b - 9 poisoned darts
 c - 3 curare-tipped darts
Jewellery
 g - a ring of protection from cold
 l - a +6 ring of strength
Scrolls
 f - 2 scrolls of amnesia
 i - a scroll of enchant armour {unknown}
 j - a scroll of fog {unknown}
 k - a scroll of immolation {unknown}
 n - a scroll of poison {unknown}
Potions
 d - a potion of mutation {unknown}
 h - a potion of attraction {unknown}
 o - a potion of degeneration {unknown}


   Skills:
 - Level 2.0 Fighting
 * Level 4.6 Short Blades
 - Level 2.0 Throwing
 - Level 1.0 Dodging
 - Level 5.3 Stealth
 + Level 2.2 Unarmed Combat


You had 4 spell levels left.
You didn't know any spells.
Your spell library was empty.

Dungeon Overview and Level Annotations

Branches:
Dungeon (3/15)

Altars:

Shops:
D:2 ?


Innate Abilities, Weirdness & Mutations

You cannot wear most types of armour.
You are amphibious.
You can wear up to eight rings at the same time.
Your skin changes colour to match your surroundings (Stealth+).
Your rubbery body absorbs attacks. (AC +1, EV +1)
((You are camouflaged when in or above water. (Stealth+)))
You have tentacles for arms and can constrict up to eight enemies at once.


Message History

A gnoll comes into view. It is wielding a +0 spear.
The gnoll shouts! x2
You hit the gnoll but do no damage.
The gnoll looks as sick as possible!
The gnoll is heavily wounded.
You constrict the gnoll. You hit the gnoll but do no damage.
The gnoll is severely wounded.
You constrict the gnoll, but do no damage.
You kill the gnoll!
The gnoll barely misses you.
You hit the endoplasm. You squeeze the endoplasm.
You kill the endoplasm!
The gnoll hits you with a +0 spear. The gnoll hits you with a +0 club.
Things that are here:
a +0 spear; a gnoll corpse You are too injured to fight recklessly!
You are too injured to fight recklessly!
You are too injured to fight recklessly!
You are too injured to fight recklessly!
You are too injured to fight recklessly!
You are too injured to fight recklessly!
You are too injured to fight recklessly!
You are too injured to fight recklessly!
You are too injured to fight recklessly!
You are too injured to fight recklessly!
You are too injured to fight recklessly!
You are too injured to fight recklessly!
You are too injured to fight recklessly!
You are too injured to fight recklessly!
You are too injured to fight recklessly!
You are too injured to fight recklessly!
You are too injured to fight recklessly!
You are too injured to fight recklessly!
You are too injured to fight recklessly!
The gnoll attacks as you move away! The gnoll hits you with a +0 club.
The gnoll closely misses you.
The gnoll hits you from afar with a +0 spear!
* * * LOW HITPOINT WARNING * * *
The gnoll hits you from afar with a +0 spear!
You die...

##...... #.#
####...#.####### #..
......#..#.....# ##. ..
#.#####...##.....# #. ..
#..........†.....# #.
#.######..##..#.....# #.
.> #.###........# ## #.
#.# #.#...#### #
#.#####@##..#..## #
#..##.(....##..### #
#..###..S.g..##.......##
#
#.......#g.####.#####..##
# #..####.B.## # ##..# #
#..####S### ##.# #
#.........# #.## #
#...##..#..# #..# #..
##S##.# ##.#


You could see 2 gnolls, an adder, a giant cockroach and a ball python.

Vanquished Creatures
  A necrophage (D:2)
  4 gnolls
  An adder (D:2)
  3 bats
  6 endoplasms
  4 goblins
  2 hobgoblins
  4 jackals (D:1)
  5 kobolds
  2 quokkas (D:1)
  3 ball pythons
  2 frilled lizards
  3 rats
40 creatures vanquished.

Notes
Turn   | Place    | Note
-------+----------+-------------------------------------------
     0 | D:1      | purpskrrrp the Octopode Brigand began the quest for the
                  | Orb.
     0 | D:1      | Reached XP level 1. HP: 14/14 MP: 1/1
    67 | D:1      | Reached XP level 2. HP: 15/19 MP: 2/2
   738 | D:1      | Reached XP level 3. HP: 24/24 MP: 3/3
  1181 | D:2      | Noticed a necrophage
  1185 | D:2      | Killed a necrophage
  1186 | D:2      | Reached skill level 1 in Unarmed Combat
  1186 | D:2      | Reached XP level 4. HP: 29/29 MP: 4/4
  1337 | D:2      | Reached XP level 5. HP: 11/34 MP: 5/5
  1668 | D:2      | Found Doddoiw's Magic Scroll Shoppe.
  1684 | D:2      | Identified 4 scrolls of acquirement
  1684 | D:2      | Acquired the +10 rapier "Goke" {freeze, rElec Will+}
  1686 | D:2      | Acquired a +0 quick blade of venom
  1687 | D:2      | Acquired 1026 gold pieces
  1688 | D:2      | Acquired 567 gold pieces
  1758 | D:3      | Found a faded altar of an unknown god.
  1890 | D:3      | Slain by a gnoll

Illustrated notes

Levels and vault maps discovered:
D:1:      dpeg_arrival_boxes_within_box, layout_basic
D:2:      layout_loops_ring, serial_shops, shop, nicolae_kite_square_tiling_tiny
D:3:      layout_rooms, okawaru_metal_pillars_3, ebering_ecumenical_altar_rust

Skill      XL: |  1  2  3  4 |
---------------+-------------+-----
Short Blades   | 3 4 |  4.6
Unarmed Combat | 1 2 |  2.2
Fighting       | |  2.0
Throwing       | |  2.0
Dodging        | |  1.0
Stealth        | |  5.3

Action                     |  1- 3 |  4- 6 || total
---------------------------+-------+-------++-------
  Melee: Dagger            |    32 |    27 ||    59
         Constrict         |     9 |     9 ||    18
         Tentacles         |     8 |     5 ||    13
         Quick blade       |       |    12 ||    12
  Throw: Dart              |     2 |       ||     2
    Use: Scroll            |     6 |     4 ||    10
         Potion            |       |     2 ||     2
   Stab: Sleeping          |     8 |     3 ||    11
 Armour: Skin              |     1 |     1 ||     2
  Dodge: Dodged            |    12 |    24 ||    36

Table legend: (Time is in decaauts)
 A = Elapsed time spent in this place.
 B = Non-inter-level travel time spent in this place.
 C = Inter-level travel time spent in this place.
 D = Time resting spent in this place.
 E = Time spent auto-exploring this place.
 F = Levels seen in this place.
 G = Mean time per level.
                   A        B        C        D        E       F      G
               +--------+--------+--------+--------+--------+-----+--------+
         Total |   1871 |   1768 |    103 |    100 |   1395 |   3 |  623.7 |
       Dungeon |   1871 |   1768 |    103 |    100 |   1395 |   3 |  623.7 |
               +--------+--------+--------+--------+--------+-----+--------+

Top non-repeatable levels by time:
     D:1: 1009 daAuts
     D:2: 697 daAuts
     D:3: 164 daAuts
